 Dungeon Crawl Stone Soup version 0.27.1-33-g824d729ab1 (webtiles) character file.

Game seed: 11394356031124697144

1342 dianekeaton the Basher (level 8, -2/63 HPs)
             Began as a Minotaur Berserker on Dec 5, 2021.
             Was a Priest of Trog.
             Killed from afar by an electric eel (9 damage)
             ... with a bolt of electricity
             ... on level 7 of the Dungeon.
             The game lasted 00:20:02 (6762 turns).

dianekeaton the Basher (Minotaur Berserker)         Turns: 6762, Time: 00:20:02

Health: -2/63      AC:  9    Str: 24    XL:     8   Next: 35%
Magic:  7/7        EV: 11    Int:  4    God:    Trog [***...]
Gold:   321        SH:  0    Dex: 10    Spells: 7/7 levels left

rFire    . . .     SeeInvis .   i - +6 club (flame)
rCold    + . .     Faith    .   (no shield)
rNeg     . . .     Spirit   .   d - +1 scale mail
rPois    .         Reflect  .   (helmet restricted)
rElec    .         Harm     .   (no cloak)
rCorr    .         Rampage  .   (no gloves)
Will     ++...                  p - +2 pair of boots
Stlth    +.........             (no amulet)
HPRegen  1.20/turn              f - ring of protection from cold
MPRegen  0.10/turn              (no ring)

@: about to teleport, strong-willed, regenerating
A: horns 2, retaliatory headbutt, camouflage 1, deformed body, frail 1
a: Renounce Religion, Berserk, Trog's Hand


You were on level 7 of the Dungeon.
You worshipped Trog.
Trog was most pleased with you.
You visited 1 branch of the dungeon, and saw 7 of its levels.

You collected 321 gold pieces.

Inventory:

Hand Weapons
 a - a +0 mace
 i - a +6 club of flaming (weapon)
 u - a +2 antimagic spear
Missiles
 t - a throwing net (quivered)
Armour
 b - a +0 animal skin
 d - a +1 scale mail (worn)
 e - a +0 scale mail
 k - a +0 pair of boots
 p - a +2 pair of boots (worn)
Jewellery
 f - a ring of protection from cold (left hand)
 q - a ring of poison resistance
Wands
 g - a wand of flame (24)
 j - a wand of polymorph (17)
 m - a wand of mindburst (6)
Scrolls
 c - 2 scrolls of teleportation
 n - a scroll of amnesia
 r - 3 scrolls of identify
 s - a scroll of torment
 x - 2 scrolls of blinking
 y - a scroll of noise
Potions
 o - a potion of mutation


   Skills:
 * Level 6.5 Fighting
 * Level 9.1 Maces & Flails
 * Level 6.5 Armour
 + Level 3.3 Dodging
 + Level 1.4 Stealth


You had 7 spell levels left.
You didn't know any spells.
Your spell library contained the following spells:

 Spells                   Type           Power      Damage    Failure   Level
 Ignite Poison            Fire/Tmut/Pois 0%         N/A       98%         3
 Mephitic Cloud           Conj/Pois/Air  0%         N/A       98%         3
 Bolt of Magma            Conj/Fire/Erth 0%         4d4       100%        5


Dungeon Overview and Level Annotations

Branches:
Dungeon (7/15)             Temple (0/1) D:6

Altars:
Gozag
Ru

Shops:
D:4 =


Innate Abilities, Weirdness & Mutations

You have a pair of horns on your head.
You reflexively headbutt those who attack you in melee.
Your skin changes colour to match your surroundings (Stealth+).
Armour fits poorly on your strangely shaped body.
You are frail. (-10% HP)


Message History

The bolt of electricity hits you!
A nearby plant withers and dies.
The electric eel shoots out a bolt of lightning at you!
The bolt of electricity hits the plant!
The bolt of electricity misses you.
A nearby plant withers and dies.
The electric eel shoots out a bolt of lightning at you!
The bolt of electricity misses you.
The electric eel shoots out a bolt of lightning at you!
The bolt of electricity hits you!
The electric eel shoots out a bolt of lightning at you!
The bolt of electricity hits you!
* * * LOW HITPOINT WARNING * * *
You feel much better.
The electric eel shoots out a bolt of lightning at you!
The bolt of electricity hits you!
Your skin crawls.
You feel strong-willed.
The electric eel shoots out a bolt of lightning at you!
The bolt of electricity misses the electric eel.
The bolt of electricity hits you!
The electric eel shoots out a bolt of lightning at you!
The bolt of electricity hits the electric eel.
The electric eel completely resists.
The bolt of electricity hits you!
* * * LOW HITPOINT WARNING * * *
The electric eel shoots out a bolt of lightning at you!
The bolt of electricity hits you.
* * * LOW HITPOINT WARNING * * *
The electric eel shoots out a bolt of lightning at you!
The bolt of electricity misses you.
The electric eel shoots out a bolt of lightning at you!
The bolt of electricity hits you.
* * * LOW HITPOINT WARNING * * *
The electric eel shoots out a bolt of lightning at you!
The bolt of electricity hits you!
* * * LOW HITPOINT WARNING * * *
As you read the scroll of teleportation, it crumbles to dust.
You feel strangely unstable.
The electric eel shoots out a bolt of lightning at you!
The bolt of electricity hits you!
You die...

#.........#
##........#
#.....<...#
##......♣♣♣ ##
#....♣♣♣♣ ♣ ##.###
##..♣≈≈≈♣≈≈≈ ##....##
###♣≈≈≈≈≈≈≈≈
#......###....≈≈≈P≈≈≈
#......@.#...........
#....................
##......≈♣;;≈..≈.≈.≈.
#.....♣≈PP≈≈≈≈≈P♣P..
#....≈≈P≈P≈≈≈≈;P≈PP≈
##....♣≈≈≈≈≈≈≈≈≈P≈PP
####..≈≈♣≈≈≈≈≈≈≈P≈
#..##♣♣≈≈≈≈≈≈≈P ##.
##P≈≈P


You could see 2 electric eels.

Vanquished Creatures
  A water moccasin (D:7)
  An ice beast (D:6)
  A sky beast (D:6)
  A necrophage (D:6)
  2 scorpions
  A howler monkey (D:4)
  A bullfrog zombie (D:5)
  4 bullfrog skeletons
  3 jellies
  2 orc priests
  4 hounds
  A gnoll shaman (D:5)
  Ijyb (D:3)
  2 iguanas
  2 orc wizards (D:6)
  5 gnolls (D:5)
  A howler monkey skeleton (D:7)
  7 adders
  3 ufetubi
  2 worms
  6 dart slugs
  12 orcs
  10 endoplasms
  2 giant cockroaches
  4 goblins
  4 hobgoblins
  6 jackals (D:1)
  4 kobolds
  3 quokkas
  5 ball pythons
  6 bats
  3 frilled lizards
  8 rats
118 creatures vanquished.

Vanquished Creatures (others)
  2 plants (D:7)
2 creatures vanquished.

Grand Total: 120 creatures vanquished

Notes
Turn   | Place    | Note
-------+----------+-------------------------------------------
     0 | D:1      | dianekeaton the Minotaur Berserker began the quest for the
                  | Orb.
     0 | D:1      | Reached XP level 1. HP: 19/19 MP: 0/0
    82 | D:1      | Reached skill level 4 in Maces & Flails
    82 | D:1      | Reached XP level 2. HP: 12/27 MP: 1/1
   885 | D:1      | Reached ** piety under Trog
   886 | D:1      | Reached XP level 3. HP: 26/34 MP: 2/2
  1480 | D:2      | Reached XP level 4. HP: 31/41 MP: 3/3
  1899 | D:2      | Found a faded altar of an unknown god.
  2520 | D:3      | Reached skill level 5 in Maces & Flails
  2769 | D:3      | Noticed Ijyb
  2779 | D:3      | Killed Ijyb
  3294 | D:3      | Reached skill level 5 in Fighting
  3372 | D:3      | Found an opulent altar of Gozag.
  3637 | D:4      | Found Tamyeson's Jewellery Emporium.
  3677 | D:4      | Reached XP level 5. HP: 48/48 MP: 4/4
  3806 | D:4      | Reached skill level 6 in Maces & Flails
  3947 | D:4      | Reached skill level 1 in Stealth
  3960 | D:4      | Reached XP level 6. HP: 56/56 MP: 5/5
  4712 | D:5      | Entered Level 5 of the Dungeon
  4812 | D:5      | Reached *** piety under Trog
  4926 | D:5      | Reached skill level 7 in Maces & Flails
  5049 | D:5      | Reached XP level 7. HP: 62/62 MP: 6/6
  5588 | D:6      | Found a staircase to the Ecumenical Temple.
  5623 | D:6      | Reached skill level 5 in Armour
  5838 | D:6      | Reached skill level 8 in Maces & Flails
  5904 | D:6      | Found a sacrificial altar of Ru.
  5937 | D:6      | Reached XP level 8. HP: 69/71 MP: 7/7
  6202 | D:6      | Reached skill level 9 in Maces & Flails
  6388 | D:6      | Gained mutation: Your skin changes colour to match your
                  | surroundings (Stealth+). [potion of mutation]
  6388 | D:6      | Gained mutation: Armour fits poorly on your strangely
                  | shaped body. [potion of mutation]
  6388 | D:6      | Gained mutation: You are frail. (-10% HP) [potion of
                  | mutation]
  6762 | D:7      | Killed from afar by an electric eel

Illustrated notes

Levels and vault maps discovered:
D:1:      evilmike_arrival_crescent, layout_basic
D:2:      layout_loops_corners, serial_rivers, chequers_serial_rivers_marsh,
          chequers_serial_rivers_small_a, chequers_serial_rivers_room_b,
          chequers_serial_rivers_micro_a, chequers_serial_rivers_small_3,
          shapermc_ecumenical_altar_pompeii
D:3:      layout_basic, nicolae_gozag_cash_rules_everything_around_me, uniq_ijyb
D:4:      kennysheep_six_static_rooms, layout_loops_ring, serial_shops,
          nicolae_shop_crystal
D:5:      layout_basic
D:6:      layout_basic, mainiacjoe_overflow_cross_hatched,
          minmay_temple_entry_ruins, minmay_lizard_king
D:7:      layout_cave_pods, serial_bayou_ford_a

Skill      XL: |  1  2  3  4  5  6  7  8 |
---------------+-------------------------+-----
Maces & Flails | 4 5 6 7 8 9 |  9.1
Fighting       | 4 5 6 |  6.5
Armour         | 3 4 5 6 |  6.5
Stealth        | 1 |  1.4
Dodging        | 3 |  3.3

Action                   |  1- 3 |  4- 6 |  7- 9 || total
-------------------------+-------+-------+-------++-------
Melee: Mace              |    45 |    28 |       ||    73
       Headbutt          |     5 |    16 |    16 ||    37
       Club              |       |    79 |    78 ||   157
Invok: Berserk           |       |     3 |     1 ||     4
       Trog's Hand       |       |       |     1 ||     1
  Use: Scroll            |     6 |     4 |     3 ||    13
       Potion            |       |     2 |     4 ||     6
Armor: Animal skin       |    11 |     3 |       ||    14
       Scale mail        |       |    36 |    37 ||    73
Dodge: Dodged            |    36 |    52 |    37 ||   125
